 Dungeon Crawl Stone Soup version 0.30-a0-23-ge60ba3568b (webtiles) character file.

Game seed: 12334149646003811788

1580 fingers the Covered (level 8, -2/65 HPs)
             Began as a Minotaur Fighter on Aug 25, 2022.
             Was a Follower of Hepliaklqana.
             Succumbed to a hornet's poison
             ... on level 9 of the Dungeon.
             The game lasted 00:09:25 (4094 turns).

fingers the Covered (Minotaur Fighter)              Turns: 4094, Time: 00:09:25

Health: -2/65      AC:  5    Str: 26    XL:     8   Next: 60%
Magic:  7/7        EV: 13    Int: 15    God:    Hepliaklqana [*.....]
Gold:   215        SH:  5    Dex:  9    Spells: 7/7 levels left

rFire   . . .      SeeInvis .    u - +5 war axe "Ostujubao" {vorpal, *Corrode Str+2 Int+10 Stlth+}
rCold   . . .      Faith    .    c - +0 buckler
rNeg    . . .      Spirit   .    b - +0 scale mail
rPois   .          Reflect  .    (helmet restricted)
rElec   .          Harm     .    (no cloak)
rCorr   .          Rampage  .    (no gloves)
Will    .....                    y - +0 pair of boots
Stlth   +.........               l - amulet of regeneration
HPRegen 1.00/turn                g - +4 ring of evasion
MPRegen 0.10/turn                (no ring)

@: lethally poisoned (-2 -> -21), corroded, slowed, very slow
A: reduced essence, horns 2, retaliatory headbutt
a: Renounce Religion, Recall Ancestor, Ancestor Identity


You were on level 9 of the Dungeon.
You worshipped Hepliaklqana.
Hepliaklqana was aware of your devotion.
You visited 2 branches of the dungeon, and saw 8 of its levels.

You collected 215 gold pieces.

Inventory:

Hand Weapons
 a - a +0 war axe
 u - the +5 war axe "Ostujubao" (weapon) {vorpal, *Corrode Str+2 Int+10 Stlth+}
   (You found it on level 4 of the Dungeon)

   It inflicts extra damage upon your enemies.
   Str:       It affects your strength (+2).
   Int:       It affects your intelligence (+10).
   *Corrode:  It may corrode you when you take damage.
   Stlth:     It makes you more stealthy.
Armour
 b - a +0 scale mail (worn)
 c - a +0 buckler (worn)
 y - a +0 pair of boots (worn)
Jewellery
 g - a +4 ring of evasion (left hand)
 l - an amulet of regeneration (around neck)
 x - an amulet of reflection
Scrolls
 e - 4 scrolls of identify {unknown}
 i - 4 scrolls of fog {unknown}
 j - a scroll of teleportation {unknown}
 k - 2 scrolls of magic mapping {unknown}
 n - a scroll of brand weapon {unknown}
 q - a scroll of enchant weapon {unknown}
 r - 2 scrolls of fear {unknown}
 t - a scroll of amnesia {unknown}
 w - a scroll of poison {unknown}
Potions
 d - a potion of might
 f - 5 potions of curing {unknown}
 h - 3 potions of flight
 m - a potion of mutation {unknown}
 o - 2 potions of berserk rage {unknown}
 p - a potion of cancellation {unknown}
 s - a potion of magic {unknown}
 v - a potion of lignification {unknown}


   Skills:
 + Level 7.4 Fighting
 + Level 6.9 Axes
 + Level 7.5 Armour
 + Level 7.4 Shields


You had 7 spell levels left.
You didn't know any spells.
Your spell library contained the following spells:

 Spells                   Type           Power      Damage    Failure   Level
 Ensorcelled Hibernation  Hex/Ice        0%         N/A       71%         2
 Passwall                 Tmut/Erth      0%         N/A       71%         2
 Sublimation of Blood     Necr           0%         N/A       71%         2
 Wereblood                Tmut           0%         N/A       71%         2
 Swiftness                Air            0%         N/A       91%         3
 Summon Hydra             Summ           0%         N/A       100%        7


Dungeon Overview and Level Annotations

Branches:
Dungeon (9/15)             Temple (1/1) D:4
   Lair: D:8-11         Orc: D:9-12

Altars:
Ashenzari
Cheibriados
Dithmenos
Fedhas
Gozag
Hepliaklqana
Kikubaaqudgha
Nemelex Xobeh
Okawaru
Qazlal
Ru
Sif Muna
Yredelemnul
Zin
The Shining One

Shops:
D:6 [


Innate Abilities, Weirdness & Mutations

Your life essence is reduced to manifest your ancestor. (-10% HP)
You have a pair of horns on your head.
You reflexively headbutt those who attack you in melee.


Message History

You now have 188 gold pieces (gained 7).
There is a stone staircase leading down here.
Things that are here:
a +0 hand axe; an orc skeleton You now have 207 gold pieces (gained 19).
Things that are here:
a +0 short sword; an orc skeleton You see here a +0 mace.
You now have 215 gold pieces (gained 8).
f - 5 puce potions (gained 1)
You open the door.
A hornet comes into view.
The hornet buzzes angrily.
Found a potion of might.
You swap places.
The hornet stings you but does no damage. x2
There is an open door here.
You hit the hornet.
The hornet is lightly wounded.
The hornet stings you!
Your corrosive artefact corrodes you!
You are poisoned.
You feel yourself slow down. The hornet closely misses you.
You barely miss the hornet. Your headbutt misses the hornet.
The hornet is lightly wounded.
You feel very sick. The hornet stings you!
You are more poisoned.
You feel as though you will be slow longer.
The hornet stings you!
You suddenly lose the ability to move!
You feel very sick. The hornet stings you.
* * * LOW HITPOINT WARNING * * *
You are lethally poisoned!
You feel as though you will be slow longer.
The hornet stings you!
* * * LOW HITPOINT WARNING * * *
You shrug off the repeated paralysis!
You can move again.
You swap places.
You die...

........ ..###.##
......# ## ......#
.....# #.# ))##### ....#
#..# #.## ###.# ...#
#...+ #..##....#
..##....# †.....#
#.#...!.#
##...###########.#....#
###.............@Ry..#
###........#####.#..##
#..........# #.#.##
#.##..#.#### #.###
..##.....# #.##
.###.##<.#######..####+#
## #..#.................
##.#............####.
#...........####


You could see the friendly Fongers the ancestor and a hornet (ally target).

Vanquished Creatures
  A troll (D:9)
  A hornet (D:9)
  Duvessa (D:4)
  An orc warrior (D:9)
  A black bear (D:5)
  2 centaurs (D:9)
  2 scorpions
  2 necrophages (D:5)
  Dowan (D:4)
  2 howler monkeys (D:9)
  An orc priest (D:9)
  2 iguanas
  3 orc wizards
  An adder (D:2)
  An ufetubus (D:5)
  3 dart slugs
  8 orcs
  4 ball pythons
  7 endoplasms
  A giant cockroach (D:3)
  3 goblins
  7 hobgoblins
  4 jackals (D:5)
  5 kobolds
  A quokka (D:2)
  8 bats
  4 frilled lizards
  3 rats
80 creatures vanquished.

Vanquished Creatures (collateral kills)
  A scorpion (D:6)
  An orc wizard (D:6)
  An orc (D:6)
3 creatures vanquished.

Vanquished Creatures (others)
  An orc wizard (D:9)
  An ancestor (D:9)
2 creatures vanquished.

Grand Total: 85 creatures vanquished

Notes
Turn   | Place    | Note
-------+----------+-------------------------------------------
     0 | D:1      | fingers the Minotaur Fighter began the quest for the Orb.
     0 | D:1      | Reached XP level 1. HP: 19/19 MP: 0/0
    91 | D:1      | Found a faded altar of an unknown god.
   124 | D:1      | Reached XP level 2. HP: 27/27 MP: 1/1
   875 | D:2      | Reached XP level 3. HP: 33/33 MP: 2/2
  2020 | D:4      | Identified the +5 war axe "Ostujubao" {vorpal, *Corrode
                  | Str+2 Int+10 Stlth+}
  2109 | D:4      | Found a staircase to the Ecumenical Temple.
  2113 | D:4      | Reached XP level 4. HP: 27/41 MP: 3/3
  2248 | D:4      | Found an opulent altar of Gozag.
  2268 | Temple   | Entered the Ecumenical Temple
  2396 | Temple   | Became a worshipper of Hepliaklqana the Forgotten
  2414 | D:4      | Noticed a scorpion
  2417 | D:4      | Found a shadowy altar of Dithmenos.
  2418 | D:4      | Killed a scorpion
  2419 | D:4      | Reached XP level 5. HP: 47/47 MP: 4/4
  2448 | D:4      | Found a sacrificial altar of Ru.
  2587 | D:4      | Noticed Duvessa
  2591 | D:4      | Noticed Dowan
  2595 | D:4      | Killed Duvessa
  2596 | D:4      | Reached skill level 5 in Fighting
  2596 | D:4      | Reached skill level 5 in Armour
  2596 | D:4      | Reached skill level 5 in Shields
  2599 | D:4      | Killed Dowan
  2600 | D:4      | Reached XP level 6. HP: 31/56 MP: 5/5
  3102 | D:5      | Entered Level 5 of the Dungeon
  3394 | D:5      | Reached skill level 5 in Axes
  3394 | D:5      | Reached XP level 7. HP: 62/62 MP: 6/6
  3413 | D:5      | Reached * piety under Hepliaklqana
  3425 | D:5      | Found a basalt altar of Yredelemnul.
  3473 | D:6      | Found Wirgheent's Antique Armour Boutique.
  3652 | D:6      | You fall into a shaft and drop 3 floors!
  3658 | D:9      | Noticed a hornet
  3669 | D:9      | Killed a hornet
  3762 | D:9      | Found an ancient bone altar of Kikubaaqudgha.
  3764 | D:9      | Noticed a troll
  3772 | D:9      | Killed a troll
  3773 | D:9      | Reached XP level 8. HP: 43/63 MP: 7/7
  4089 | D:9      | Noticed a hornet
  4092 | D:9      | Paralysed by a hornet for 2 turns
  4094 | D:9      | Succumbed to a hornet's poison

Illustrated notes

Levels and vault maps discovered:
D:1:      psy_arrival_basics, layout_rooms, basic_ecumenical_altar
D:2:      layout_loops_ring, bh_walls_and_bars
D:3:      layout_basic
D:4:      layout_cave_pods, grunt_temple_overflow_lords_of_destruction,
          overflow_temple_1_default, mainiacjoe_overflow_large_starburst,
          minmay_temple_entry_arrows, uniq_duvessa
D:5:      layout_gridville, lemuel_coloured_pillars_altar, minivault_24
D:6:      layout_cave_pools, serial_shops, nicolae_shop_hallway_stairs, shop,
          grunt_tough_drop
D:9:      layout_rooms, overflow_temple_1_default,
          nicolae_overflow_hidden_temple, minmay_quadrilaterals
Temple:   chequers_temple_sunken

Skill      XL: |  1  2  3  4  5  6  7  8 |
---------------+-------------------------+-----
Fighting       | 4 5 6 7 |  7.4
Shields        | 4 5 6 7 |  7.4
Armour         | 4 5 6 7 |  7.5
Axes           | 3 4 5 6 |  6.9

Action                   |  1- 3 |  4- 6 |  7- 9 || total
-------------------------+-------+-------+-------++-------
Melee: War axe           |    88 |    31 |    39 ||   158
       Headbutt          |     8 |     5 |     4 ||    17
Invok: Ancestor Identity |       |       |     2 ||     2
       Recall Ancestor   |       |       |     1 ||     1
  Use: Potion            |     1 |       |       ||     1
Armor: Scale mail        |    48 |     7 |    22 ||    77
Dodge: Dodged            |    55 |    21 |    33 ||   109
Block: Buckler           |    18 |     2 |    10 ||    30

Table legend: (Time is in decaauts)
 A = Elapsed time spent in this place.
 B = Non-inter-level travel time spent in this place.
 C = Inter-level travel time spent in this place.
 D = Time resting spent in this place.
 E = Time spent auto-exploring this place.
 F = Levels seen in this place.
 G = Mean time per level.
                   A        B        C        D        E       F      G
               +--------+--------+--------+--------+--------+-----+--------+
         Total |   4188 |   4153 |     35 |    553 |   2446 |   8 |  523.5 |
       Dungeon |   4012 |   3985 |     27 |    553 |   2446 |   7 |  573.1 |
        Temple |    176 |    168 |      8 |      0 |      0 |   1 |  176.0 |
               +--------+--------+--------+--------+--------+-----+--------+

Top non-repeatable levels by time:
     D:4: 983 daAuts
     D:2: 827 daAuts
     D:1: 642 daAuts
     D:3: 549 daAuts
     D:9: 450 daAuts
     D:5: 368 daAuts
     D:6: 190 daAuts
  Temple: 176 daAuts
